Map: Overgrowth LE (Void)

Players

Musumeci

  • Race: Zerg Zerg
  • League: Diamond
  • Spawn Location: 7:00

IIIIIIIIIIII - Winner!

  • Race: Zerg Zerg
  • League: Diamond
  • Spawn Location: 1:00

VOD

Have the link to the VOD?

Description

Time

  • Played on: Jan. 9, 2017, 12:43 p.m.
  • Length: 9:11
Show
View Real Time Build Order
Export as new Build Order

Musumeci Zerg 

Build Orders: Pool First 

Get SALT Encoding   

  12  0:01  Drone  
  13  0:08  Drone  
  14  0:18  Overlord  
  14  0:23  Extractor  
  14  0:24  Drone  
  15  0:38  Drone x2  
  17  0:47  Spawning Pool  
  16  0:50  Extractor  
  16  0:51  Drone  
  16  0:54  Drone  
  17  1:23  Drone x2  
  19  1:31  Hatchery  
  18  1:37  Queen  
  20  1:45  Overlord  
  20  1:53  Spine Crawler  
  19  2:01  Metabolic Boost  
  19  2:04  Zergling x2  
  20  2:08  Zergling x2  
  20  2:11  Zergling x2  
  22  2:17  Zergling x2  
  23  2:26  Drone  
  24  2:55  Queen  
  26  3:01  Overlord x2  
  26  3:10  Baneling Nest, Zergling x6  
  26  3:11  Zergling x6  
  31  3:27  Zergling x8  
  31  3:33  Overlord  
  35  3:57  Baneling x2  
  35  3:58  Baneling  
  35  3:59  Drone x5  
  35  4:00  Drone  
  40  4:04  Baneling x2  
  40  4:16  Evolution Chamber  
  39  4:46  Zerg Ground Armor Level 1  
  36  5:01  Zergling x4  
  36  5:02  Zergling x18  
  41  5:17  Zergling x2  
  41  5:18  Zergling x4, Overlord x2  
  41  5:19  Overlord  
  44  5:36  Overlord  
  44  5:40  Hatchery  
  40  6:03  Zergling x18  
  47  6:10  Lair  
  47  6:14  Drone, Extractor  
  42  6:43  Zergling x18  
  50  6:48  Drone  
  50  6:49  Drone  
  51  7:07  Zergling x4  
  51  7:08  Zergling x10  
  51  7:32  Zergling x16  
  59  7:40  Drone x2  
  53  8:18  Spine Crawler  
  53  8:19  Spine Crawler  
  46  8:20  Spine Crawler x4  
  46  8:21  Spine Crawler x2  
Show
View Real Time Build Order
Export as new Build Order

IIIIIIIIIIII Zerg - Winner!

Build Orders: Pool First 

Get SALT Encoding   

  12  0:01  Drone  
  13  0:12  Overlord  
  13  0:19  Drone  
  14  0:23  Extractor  
  14  0:24  Drone  
  15  0:32  Drone  
  16  0:39  Drone  
  16  0:42  Extractor  
  16  0:46  Drone  
  17  0:52  Spawning Pool  
  16  0:57  Drone  
  17  1:18  Hatchery  
  17  1:22  Drone  
  17  1:39  Queen  
  19  1:48  Overlord  
  19  1:50  Metabolic Boost  
  19  1:57  Zergling x2  
  19  1:58  Zergling x2  
  21  2:03  Zergling x2  
  22  2:14  Drone  
  23  2:17  Queen  
  25  2:28  Drone  
  26  2:31  Queen  
  26  2:36  Zergling x4  
  30  2:42  Drone  
  31  2:50  Zergling x4  
  32  2:59  Zergling x4  
  32  3:00  Zergling x2  
  32  3:04  Overlord  
  35  3:21  Overlord  
  35  3:29  Drone x2, Baneling Nest  
  35  3:30  Drone x5  
  41  3:37  Drone x2  
  43  3:48  Drone x4  
  47  3:53  Drone  
  47  3:54  Drone  
  49  4:00  Drone x2  
  49  4:01  Overlord  
  51  4:09  Lair  
  51  4:11  Extractor  
  51  4:12  Drone, Extractor  
  51  4:13  Drone  
  51  4:23  Drone x3  
  51  4:24  Overlord  
  54  4:34  Roach Warren  
  54  4:35  Evolution Chamber  
  54  4:37  Evolution Chamber  
  50  4:40  Drone x2  
  52  4:48  Drone x3  
  52  4:49  Zergling x2  
  54  5:01  Zergling x2  
  54  5:02  Zergling x6  
  52  5:10  Baneling  
  52  5:12  Baneling x2  
  52  5:14  Roach x2  
  52  5:17  Roach x4  
  64  5:24  Zerg Ground Armor Level 1, Zerg Missile Weapons Level 1  
  64  5:31  Roach  
  64  5:33  Overlord  
  64  5:35  Overlord  
  66  5:47  Roach  
  68  5:50  Baneling x2  
  68  5:53  Baneling x2  
  65  6:05  Roach x3  
  65  6:06  Roach x4  
  65  6:08  Zergling x2  
  80  6:19  Glial Reconstitution  
  80  6:25  Zergling x8  
  84  6:27  Hatchery, Overlord x2  
  84  6:28  Overlord  
  81  6:42  Roach x2  
  81  6:45  Overlord  
  84  6:48  Roach x5  
  92  6:57  Roach  
  92  6:58  Roach x2  
  96  7:14  Roach x6  
  96  7:15  Roach x2  
  112  7:26  Roach x2  
  116  7:39  Overlord x2  
  116  7:58  Roach x5  
  124  8:10  Drone  
  124  8:11  Drone x2  
  119  8:26  Hatchery  
  98  8:33  Hatchery  
  84  8:36  Zergling x2  
  84  8:37  Zergling x14  
  79  8:51  Hatchery  
Tags
 
Add a new tag
Caveats
  • Supply blocks, unpowered buildings, or Contaminate may cause inaccurate times.
  • Supply counts are checked every 10 seconds.